 Dungeon Crawl Stone Soup version 0.19-a0-892-g8a19e52 (webtiles) character file.

77 Moloch the Skirmisher (level 4, -2/37 HPs)
             Began as a Demonspawn Fighter on July 4, 2016.
             Slain by a gnoll
             ... wielding a +0 whip
              (4 damage)
             ... on level 2 of the Dungeon.
             The game lasted 00:02:05 (1398 turns).

Moloch the Skirmisher (Demonspawn Fighter)          Turns: 1398, Time: 00:02:06

Health: -2/37      AC:  8    Str: 17    XL:     4   Next: 13%
Magic:  4/4        EV:  4    Int:  8    God:
Gold:   126        SH:  8    Dex: 12    Spells: 0 memorised, 3 levels left

rFire  . . .     SeeInvis .     a - +0 war axe
rCold  . . .     Gourm    .     e - +0 chain mail
rNeg   . . .     Faith    .     c - +0 shield
rPois  .         Spirit   .     (no helmet)
rElec  .         Dismiss  .     (no cloak)
rCorr  .         Reflect  .     (no gloves)
SustAt .         Harm     .     (no boots)
MR     .....                    (no amulet)
Stlth  ..........               (no ring)
                                (no ring)

@: not resistant to hostile enchantments, extremely unstealthy
A: hooves 1, dopey 1, screaming 2
a: no special abilities


You were on level 2 of the Dungeon.
You were hungry.

You visited 1 branch of the dungeon, and saw 2 of its levels.

You collected 126 gold pieces.

Inventory:

Hand Weapons
 a - a +0 war axe (weapon)
Armour
 c - a +0 shield (worn)
 e - a +0 chain mail (worn)
Scrolls
 h - 4 scrolls of remove curse {unknown}
 k - a scroll of identify {unknown}
 m - 2 scrolls of immolation {unknown}
 o - a scroll of enchant armour {unknown}
Potions
 b - a potion of haste {unknown}
 d - a potion of might
 j - a potion of cure mutation
Comestibles
 f - 2 bread rations
 n - a meat ration


   Skills:
 + Level 3.9 Fighting
 * Level 3.3 Axes
 - Level 2.6 Armour
 - Level 2.6 Shields


You had 3 spell levels left.
You didn't know any spells.

Dungeon Overview and Level Annotations

Branches:
Dungeon (2/15)

Altars:


Innate Abilities, Weirdness & Mutations

You have large cloven feet.
You are dopey. (Int -2)
You sometimes yell uncontrollably at your foes.


Message History

* * * LOW HITPOINT WARNING * * *
You barely miss the gnoll. You kick the gnoll, but do no damage.
The gnoll is moderately wounded.
You block the gnoll's attack.
You closely miss the gnoll.
The gnoll is moderately wounded.
The gnoll hits you but does no damage.
You closely miss the gnoll. Your kick misses the gnoll.
The gnoll is moderately wounded.
The gnoll barely misses you. You block the gnoll's attack.
You hit the gnoll.
The gnoll is severely wounded.
You block the gnoll's attack.
You closely miss the gnoll.
The gnoll is severely wounded.
The gnoll hits you but does no damage. x2
Your shield and chain mail prevent you from hitting the gnoll.
The gnoll is severely wounded.
The gnoll hits you with a whip.
You die...

...>.#....... .............
........##.#### ####...........
............... ...............
...........# #...........
...........###########..........÷
w.....$.......................[..
...........##........#...........
...............†.g...##.....)....
..........###(.)@....##......##..
..........# #....)).....##...####
........#.. #........##.#..#.#
#.......###.#........#..#.##.#
....... .#.....).......##.#
.......)....#####.#
.............# #.# .......<.....#
.# .........>..#


You could see a gnoll.

Vanquished Creatures
  An adder (D:2)
  2 gnolls
  A worm (D:2)
  A dart slug (D:1)
  4 bats
  3 giant cockroaches
  10 hobgoblins
  2 jackals (D:1)
  A quokka (D:2)
  A giant newt (D:1)
  6 goblins
  2 kobolds
  6 rats
40 creatures vanquished.

Notes
Turn   | Place    | Note
-------+----------+-------------------------------------------
     0 | D:1      | Moloch the Demonspawn Fighter began the quest for the Orb.
     0 | D:1      | Reached XP level 1. HP: 18/18 MP: 1/1
   230 | D:1      | Gained mutation: You have large cloven feet. [demonic ancestry]
   230 | D:1      | Reached XP level 2. HP: 21/24 MP: 2/2
   955 | D:2      | Reached XP level 3. HP: 6/29 MP: 3/3
   957 | D:2      | HP: 1/29 [poisoned by an adder]
   959 | D:2      | Gained mutation: You occasionally shout uncontrollably at your foes. [potion of mutation]
   959 | D:2      | Gained mutation: You sometimes yell uncontrollably at your foes. [potion of mutation]
   959 | D:2      | Gained mutation: You are dopey. (Int -2) [potion of mutation]
  1377 | D:2      | Reached XP level 4. HP: 23/37 MP: 4/4
  1392 | D:2      | HP: 1/37 [gnoll/whip (4)]
  1398 | D:2      | Slain by a gnoll

Vault maps used:
D:1:      mrwooster_arrival_arrow, serial_park_tiny_pond
D:2:      kennysheep_ying_yang, xom_teletrap_fun, okawaru_trees_2

Skill      XL: |  1  2  3 |
---------------+----------+-----
Axes           | 2 3 |  3.3
Fighting       | |  3.9
Armour         | |  2.6
Shields        | |  2.6

Action                   |  1- 3 |  4- 6 || total
-------------------------+-------+-------++-------
Melee: War axe           |   106 |    21 ||   127
       Kick              |    21 |     7 ||    28
  Use: Potion            |     4 |       ||     4
  Eat: Chunk             |     1 |       ||     1
Armor: Scale mail        |    56 |       ||    56
       Chain mail        |    22 |    14 ||    36
Dodge: Dodged            |    31 |     9 ||    40
Block: Shield            |    60 |    14 ||    74
